Unix NetHack Version 3.7.0-89 Work-in-progress - last build Sep 24 2023 19:26:52 (48e034876007844a536bf88644040a71d2893410,branch:master). Game began 2023-09-25 10:23:18, ended 2023-09-25 11:18:48. Arasaka, lawful male dwarven Caveman ----- -------- ------------ ###------------ |...| +......| |...........#######......:d@d.| 0######....| |......| |..........|##### |......_.d.| |...| # |......| |...........## ####|(..d......| |....######.......| |..........|# #-..........| |...|# |......| |...........# |..........| ## --|-- .......| |..........| ------.----- ######### ------|- ------------ ### # # # ######## ##### #[# ## # ---.--|-----# # -----|-- |..........|######### # |.....>| |..........| -.-.- |.......#########-..`.......| |..`| |......| ------------ |...| -------- |<{.| ----- Arasaka the Aborigine St:14 Dx:14 Co:20 In:7 Wi:7 Ch:13 Lawful Dlvl:4 $:119 HP:0(50) Pw:7(7) AC:3 Xp:4/107 T:1667 Latest messages: Do you want to add to the current engraving? [ynq] (y) You wipe out the message that was written in the dust here. You write in the dust with your fingertip. The coyote turns to flee. The jackal turns to flee. The jackal turns to flee. The werejackal turns to flee. The gecko turns to flee. The jackal turns to flee. The werejackal turns to flee. The coyote turns to flee. The jackal turns to flee. You kill the jackal! There is a jackal corpse here; sacrifice it? [ynq] (n) Your sacrifice is consumed in a flash of light! You sense a conflict between Anu and Anshar. Unluckily, you feel the power of Anu decrease. The coyote bites! Something is written here in the dust. You read: "?lb??e h". The werejackal changes into a human. The coyote bites! You hit the coyote! The coyote bites! The werejackal hits! You kill the coyote! The werejackal changes into a jackal. The werejackal bites! You hit the werejackal! The werejackal bites! You miss the werejackal. The werejackal summons help! A jackal suddenly appears next to you! A jackal suddenly appears next to you! The werejackal misses! You miss the werejackal. The jackal bites! The jackal misses! The werejackal misses! You miss the werejackal. The jackal bites! The jackal bites! The werejackal bites! You feel feverish. Are you sure you want to pray? [yn] (n) You begin praying to Anu. The jackal bites! The jackal bites! The werejackal bites! You die... Inventory: Coins ('$') $ - 119 gold pieces Weapons (')') b - an uncursed +2 sling (alternate weapon; not wielded) a - an uncursed +1 club (weapon in hand) Armor ('[') h - a blessed +2 chain mail (being worn) Comestibles ('%') f - an uncursed food ration Scrolls ('?') k - an uncursed scroll of amnesia n - an uncursed scroll of enchant armor i - an uncursed scroll of identify l - an uncursed scroll of teleportation Potions ('!') j - an uncursed potion of booze d - an uncursed potion of gain energy o - an uncursed potion of monster detection m - a cursed potion of polymorph Tools ('(') g - an uncursed tin whistle Gems/Stones ('*') c - 22 uncursed flint stones (in quiver pouch) Arasaka the Caveman's attributes: Background: You were an Aborigine, a level 4 dwarven Caveman. You were lawful, on a mission for Anu who was opposed by Ishtar (neutral) and Anshar (chaotic). You were in the Dungeons of Doom, on level 4. You entered the dungeon 1667 turns ago. You had 107 experience points, 53 more were needed to attain level 5. Basics: You had 0 out of 50 hit points. You had all 7 energy points (spell power). Your armor class was 3. Your wallet contained 119 zorkmids. Autopickup was on for '$"?' plus thrown, with exceptions. Final Characteristics: Your strength was 14 (limit:18/100). Your dexterity was 14 (limit:20). Your constitution was 20 (limit:20). Your intelligence was 7 (limit:16). Your wisdom was 7 (limit:16). Your charisma was 13 (limit:16). Final Status: You were not hungry. You were unencumbered. You were wielding a club. You had basic skill with club. Final Attributes: You were devoutly aligned. You were level-drain resistant. You were telepathic. You had infravision. You were warded. You were a werejackal. You were harmed by silver. You were unlucky. You are dead. Miscellaneous: You disabled loading of bones levels. Total elapsed playing time was 39 minutes and 7 seconds. Major events: Turn 1: Arasaka the lawful dwarven Caveman entered the dungeon 402: entered the Gnomish Mines 1049: attained the rank of Aborigine (level 3) 1667: killed by a werejackal, while praying Vanquished creatures: a little dog a floating eye a wererat a werejackal an iguana an acid blob a coyote a hobgoblin a giant rat a brown mold 6 jackals 2 foxes 2 kobolds a goblin 3 sewer rats a grid bug 2 bats a lichen 2 newts 30 creatures vanquished. No species were genocided or became extinct. Voluntary challenges: You read items or engraved 3 times. You engraved Elbereth 2 times. You never genocided any monsters. You never polymorphed an object. You never changed form. You used no wishes. Achievements: You entered the Gnomish Mines. You attained the rank of Aborigine. The Dungeons of Doom: levels 1 to 7 Level 1: "v" Level 2: Level 3: A fountain, a grave. Stairs down to The Gnomish Mines. Level 4: <- You were here. An altar, a fountain. Final resting place for you, killed by a werejackal, while praying. Level 5: A fountain. Level 6: A fountain. Level 7: The Gnomish Mines: Level 4: Game over: ---------- / \ / REST \ / IN \ / PEACE \ / \ | Arasaka | | 119 Au | | killed by a | | werejackal | | | | | | 2023 | *| * * * | * _________)/\\_//(\/(/\)/\//\/|_)_______ Goodbye Arasaka the Caveman... You died in The Dungeons of Doom on dungeon level 4 with 836 points, and 119 pieces of gold, after 1667 moves. You were level 4 with a maximum of 50 hit points when you died.